cohdb
Replays
Latest Replays
All Replays
Popular Replays
Top Player Replays
Match Explorer
How It Works
Community
CoH3 Stats
Reddit
Sign in to upload your games and track your stats! →
Sign in with Steam
Match 39702672
Unlisted
Match 39702672
Overview
Messages
Build Orders
End
Construct Barracks
Selects Heavy Weapons
Riflemen Squad
M1 Mortar Team
Engineer Squad
Infantry Support Center
.30 cal Machine Gun
Construct Medical Station
Selects Assault Carriers
Construct Weapon Support Center
M3 Assault Carrier
Selects Exchangeable Parts
Construct Tank Depot
M4A1 Sherman Medium Tank
M4A1 Sherman Medium Tank
.30 cal Machine Gun
Selects M26 Pershing Heavy Tank
M26 Pershing Heavy Tank
M4A1 Sherman Medium Tank
Selects M2HB .50cal Heavy Machine Gun
Selects Rapid Reposition
NailBomb1979
Genki
Godzilla Trump
Rambo
0
0
Comments
sign in to comment!
No comments posted yet!